 Dungeon Crawl Stone Soup version 0.27-a0-906-g0a00ce863d (webtiles) character file.

Game seed: 5673583525073495292

2040 spiderkeys the Sneak (level 9, -1/61 HPs)
             Began as an Octopode Brigand on Apr 7, 2021.
             Shot with a sling bullet by Joseph (15 damage)
             ... on level 7 of the Dungeon.
             The game lasted 00:14:19 (7256 turns).

spiderkeys the Sneak (Octopode Brigand)             Turns: 7256, Time: 00:14:19

Health: -1/61      AC:  1    Str:  7    XL:     9   Next: 24%
Magic:  9/9        EV: 17    Int: 18    God:
Gold:   274        SH:  0    Dex: 17    Spells: 8/8 levels left

rFire    . . .     SeeInvis .   a - +6 rapier of the Original Sin {vorpal, rElec rC+ Str-3 Int+5}
rCold    + . .     Faith    .   (no shield)
rNeg     . . .     Spirit   .   (helmet restricted)
rPois    .         Reflect  .   (no amulet)
rElec    +         Harm     .   r - ring of wizardry
rCorr    .         Rampage  .   (no ring)
Will     .....                  (no ring)
Stlth    +++++.....             (no ring)
HPRegen  0.20/turn              (no ring)
MPRegen  0.11/turn              (no ring)
                                (no ring)
                                (no ring)

@: no status effects
A: almost no armour, amphibious, 8 rings, camouflage 1, gelatinous body 1,
(nimble swimmer 1), tentacles
a: no special abilities


You were on level 7 of the Dungeon.
You visited 2 branches of the dungeon, and saw 8 of its levels.

You collected 274 gold pieces.

Inventory:

Hand Weapons
 a - the +6 rapier of the Original Sin (weapon) {vorpal, rElec rC+ Str-3 Int+5}
   (You found it on level 5 of the Dungeon)

   It inflicts extra damage upon your enemies.
   It affects your strength (-3).
   It affects your intelligence (+5).
   It protects you from cold.
   It insulates you from electricity.
 b - a +3 short sword of holy wrath
 o - a +3 short sword
Missiles
 c - 2 curare-tipped darts
 l - 18 poisoned darts (quivered)
 m - 10 boomerangs
 t - 4 atropa-tipped darts
 v - 6 silver javelins
Jewellery
 e - a ring of fire
 r - a ring of wizardry (left tentacle)
Wands
 f - a wand of acid (1)
 q - a wand of flame (30)
Scrolls
 h - 6 scrolls of teleportation
Potions
 d - a potion of mutation
 g - 2 potions of cancellation
 i - 2 potions of magic
 j - 2 potions of berserk rage
 k - 2 potions of heal wounds {unknown}
 s - a potion of degeneration {unknown}
 x - a potion of curing


   Skills:
 + Level 5.5 Fighting
 * Level 6.5 Short Blades
 - Level 2.0 Throwing
 * Level 6.9 Dodging
 - Level 7.0 Stealth
 + Level 4.1 Evocations


You had 8 spell levels left.
You didn't know any spells.
Your spell library was empty.

Dungeon Overview and Level Annotations

Branches:
Dungeon (7/15)             Temple (1/1) D:6

Altars:
Ashenzari
Cheibriados
Elyvilon
Fedhas
Hepliaklqana
Makhleb
Okawaru
Qazlal
Ru
Sif Muna
Trog
Wu Jian
Xom
Zin
The Shining One

Annotations:
D:7 Harold, Joseph


Innate Abilities, Weirdness & Mutations

You cannot wear most types of armour.
You are amphibious.
You can wear up to eight rings at the same time.
Your skin changes colour to match your surroundings (Stealth+).
Your rubbery body absorbs attacks. (AC +1, EV +1)
((You are camouflaged near water. (Stealth+)))
You have tentacles for arms and can constrict up to eight enemies at once.


Message History

The bolt of acid misses Joseph.
Joseph unwields a +0 quarterstaff.
Joseph wields a +0 hunting sling.
Joseph shoots a sling bullet.
The sling bullet barely misses you.
Aiming: Corrosive Bolt
Press: ? - help, Shift-Dir - straight line, f/p - Joseph
Aim: Joseph, wielding a +0 hunting sling, wearing a +0 leather armour and quivering sling bullets (26% to evade)
The bolt of acid misses Joseph.
Joseph shoots a sling bullet.
The sling bullet barely misses you.
Aiming: Corrosive Bolt
Press: ? - help, Shift-Dir - straight line, f/p - Joseph
Aim: Joseph, wielding a +0 hunting sling, wearing a +0 leather armour and quivering sling bullets (26% to evade)
The bolt of acid hits Joseph!!
Joseph is splashed with acid.
The acid corrodes Joseph!
Joseph is moderately wounded.
Joseph shoots a sling bullet.
The sling bullet closely misses you.
Aiming: Corrosive Bolt
Press: ? - help, Shift-Dir - straight line, f/p - Joseph
Aim: Joseph, wielding a +0 hunting sling, wearing a +0 leather armour and quivering sling bullets (moderately wounded, covered in acid, 26% to evade)
The bolt of acid hits Joseph!
Joseph is splashed with acid.
Joseph seems to be corroded for longer.
Joseph is severely wounded.
Joseph shoots a sling bullet.
The sling bullet closely misses you.
Okay, then.
Throw: 8 javelins (silver)
Press: ? - help, Shift-Dir - straight line, f/p - Joseph
Aim: Joseph, wielding a +0 hunting sling, wearing a +0 leather armour and quivering sling bullets (severely wounded, covered in acid, 63% to hit)
You throw a silver javelin.
The silver javelin closely misses Joseph.
Joseph shoots a sling bullet.
The sling bullet hits you!!
Throw: 7 javelins (silver)
Press: ? - help, Shift-Dir - straight line, f/p - Joseph
Aim: Joseph, wielding a +0 hunting sling, wearing a +0 leather armour and quivering sling bullets (severely wounded, covered in acid, 63% to hit)
You throw a silver javelin.
The silver javelin pierces through Joseph but does no damage.
Joseph is severely wounded.
Joseph shoots a sling bullet.
The sling bullet hits you!!
* * * LOW HITPOINT WARNING * * *
Joseph says, "You must be punished!
Or...
I want to punish you!"
Joseph shoots a sling bullet.
The sling bullet hits you!
You die...

#### ###..###
###......#
###......#.#
###......#+#.#
###......###
#@#
###......###
#.# #......###
#.. ....)###
#... ......##
#@...
#......##
#....#
##......##
#....#
.##......##
#(....
..##......##


You could see Joseph (corroded).

Vanquished Creatures
  A sky beast (D:6)
  3 black bears
  2 necrophages (D:5)
  4 ogres
  A centaur (D:5)
  A bullfrog (D:7)
  2 scorpions
  A water moccasin zombie (D:5)
  A water moccasin skeleton (D:6)
  A centaur zombie (D:7)
  4 hounds
  4 jellies
  An orc priest (D:6)
  Terence (D:3)
  3 iguanas
  2 orc wizards
  The ghost of CurlyBrace the Vexing, a weakling FeEn (D:3)
  16 gnolls
  8 adders
  A white imp (D:6)
  An ufetubus (D:4)
  3 worms
  2 dart slugs
  15 orcs
  4 ball pythons
  7 bats
  5 endoplasms
  A giant cockroach (D:2)
  2 goblins (D:2)
  5 hobgoblins
  10 jackals
  6 kobolds
  2 quokkas
  A frilled lizard (D:2)
  4 rats
126 creatures vanquished.

Notes
Turn   | Place    | Note
-------+----------+-------------------------------------------
     0 | D:1      | spiderkeys the Octopode Brigand began the quest for the
                  | Orb.
     0 | D:1      | Reached XP level 1. HP: 14/14 MP: 1/1
   390 | D:1      | Reached XP level 2. HP: 19/19 MP: 2/2
   546 | D:1      | Found a faded altar of an unknown god.
  1035 | D:2      | Reached XP level 3. HP: 25/25 MP: 3/3
  1447 | D:2      | Reached XP level 4. HP: 25/30 MP: 4/4
  1900 | D:3      | Reached skill level 6 in Stealth
  1942 | D:3      | Found a runed translucent gate.
  1942 | D:3      | Found a runed translucent gate.
  1943 | D:3      | Found a runed translucent gate.
  1943 | D:3      | Noticed CurlyBrace's ghost (weakling FeEn)
  1952 | D:3      | Killed CurlyBrace's ghost
  2037 | D:3      | Noticed Terence
  2046 | D:3      | Killed Terence
  2055 | D:3      | Reached XP level 5. HP: 18/36 MP: 5/5
  2061 | D:3      | HP: 1/36 [gnoll/+0 whip (5)]
  3221 | D:3      | Reached XP level 6. HP: 37/42 MP: 6/6
  3515 | D:4      | Noticed a black bear
  3527 | D:4      | Killed a black bear
  3528 | D:4      | Reached skill level 7 in Stealth
  4150 | D:4      | Found a snail-covered altar of Cheibriados.
  4339 | D:5      | Entered Level 5 of the Dungeon
  4348 | D:5      | Reached XP level 7. HP: 47/47 MP: 7/7
  4459 | D:5      | Reached skill level 1 in Evocations
  4463 | D:5      | Identified the +6 rapier of the Original Sin {vorpal, rElec
                  | rC+ Str-3 Int+5}
  4829 | D:5      | Reached skill level 5 in Dodging
  4829 | D:5      | Reached XP level 8. HP: 44/54 MP: 8/8
  4934 | D:5      | Reached skill level 5 in Short Blades
  5487 | D:6      | Found a staircase to the Ecumenical Temple.
  5491 | D:6      | Reached skill level 5 in Fighting
  5505 | Temple   | Entered the Ecumenical Temple
  6451 | D:6      | Reached XP level 9. HP: 51/61 MP: 9/9
  6698 | D:7      | Noticed Harold
  7248 | D:7      | Noticed Joseph
  7256 | D:7      | Shot with a sling bullet by Joseph

Illustrated notes

Levels and vault maps discovered:
D:1:      dpeg_arrival_stone_temple_mockup, layout_loops_ring,
          shapermc_ecumenical_altar_gd, minmay_pentomino_q4
D:2:      layout_basic, grunt_decor_junction
D:3:      layout_rooms, ebering_ghost_rock_garden, minivault_26, uniq_terence
D:4:      layout_rooms, slow_altar_2
D:5:      layout_rooms
D:6:      layout_loops_ring, minmay_temple_entry_sparse_star, minmay_hedge_maze
D:7:      minmay_razor_zed, layout_gridville,
          chequers_temple_overflow_statue_of_worship, uniq_joseph, uniq_harold
Temple:   eino_narrow_crystal_temple

Skill      XL: |  1  2  3  4  5  6  7  8  9 |
---------------+----------------------------+-----
Dodging        | 2 3 5 6 |  6.9
Stealth        | 6 7 |  7.0
Fighting       | 3 4 5 |  5.5
Short Blades   | 3 4 6 |  6.5
Evocations     | 2 3 4 |  4.1
Throwing       | |  2.0

Action                   |  1- 3 |  4- 6 |  7- 9 || total
-------------------------+-------+-------+-------++-------
Melee: Dagger            |     9 |       |       ||     9
       Constrict         |    11 |    26 |    21 ||    58
       Short sword       |    39 |   111 |     9 ||   159
       Tentacles         |     2 |    22 |    15 ||    39
       Rapier            |       |       |    98 ||    98
Throw: Dart              |       |    12 |    16 ||    28
       Boomerang         |       |     1 |     4 ||     5
       Javelin           |       |       |     2 ||     2
Evoke: Wand              |       |     2 |     6 ||     8
  Use: Scroll            |       |     9 |     6 ||    15
       Potion            |       |     1 |       ||     1
 Stab: Sleeping          |     7 |    13 |     9 ||    29
Armor: Skin              |     5 |     2 |     3 ||    10
Dodge: Dodged            |    24 |    53 |    56 ||   133

Table legend: (Time is in decaauts)
 A = Elapsed time spent in this place.
 B = Non-inter-level travel time spent in this place.
 C = Inter-level travel time spent in this place.
 D = Time resting spent in this place.
 E = Time spent auto-exploring this place.
 F = Levels seen in this place.
 G = Mean time per level.
                   A        B        C        D        E       F      G
               +--------+--------+--------+--------+--------+-----+--------+
         Total |   7233 |   6747 |    486 |    642 |   5269 |   8 |  904.1 |
       Dungeon |   7020 |   6547 |    473 |    642 |   5071 |   7 | 1002.9 |
        Temple |    212 |    199 |     13 |      0 |    198 |   1 |  212.0 |
               +--------+--------+--------+--------+--------+-----+--------+

Top non-repeatable levels by time:
     D:3: 1460 daAuts
     D:6: 1398 daAuts
     D:4: 979 daAuts
     D:2: 953 daAuts
     D:1: 932 daAuts
     D:5: 736 daAuts
     D:7: 559 daAuts
  Temple: 212 daAuts
